 Dungeon Crawl Stone Soup version 0.23.2-1-ga50397a6bc (webtiles) character file.

Game seed: 9647016120623657172

91 TheAraber the Changer (level 4, -6/35 HPs)
             Began as a Draconian Transmuter on May 4, 2019.
             Killed from afar by an orc wizard (9 damage)
             ... with a magic dart
             ... on level 3 of the Dungeon.
             The game lasted 00:13:20 (2315 turns).

TheAraber the Changer (Draconian Transmuter)        Turns: 2315, Time: 00:13:20

Health: -6/35      AC:  5    Str: 13    XL:     4   Next: 34%
Magic:  4/7        EV: 12    Int: 14    God:
Gold:   67         SH:  0    Dex: 11    Spells: 4/7 levels left

rFire    . . .     SeeInvis .   q - +4 whip
rCold    . . .     Gourm    .   (no shield)
rNeg     . . .     Faith    .   (armour unavailable)
rPois    .         Spirit   .   (helmet restricted)
rElec    .         Reflect  .   (no cloak)
rCorr    .         Harm     .   (no gloves)
MR       .....                  (boots currently unavailable)
Stlth    +.........             (no amulet)
HPRegen  0.11/turn              (no ring)
MPRegen  0.10/turn              (no ring)

@: appendage
A: unfitting armour, talons 3, cold-blooded, AC +5
a: End Transformation


You were on level 3 of the Dungeon.
You were hungry.
You had grown temporary talons.
You visited 1 branch of the dungeon, and saw 3 of its levels.

You collected 67 gold pieces.

Inventory:

Hand Weapons
 e - a +0 whip
 q - a +4 whip (weapon)
Missiles
 a - 32 arrows (quivered)
Scrolls
 b - 7 scrolls of identify {unknown}
 d - 4 scrolls of teleportation {unknown}
 h - a scroll of remove curse {unknown}
 k - a scroll of enchant armour {unknown}
Potions
 f - a potion of flight {unknown}
 g - a potion of berserk rage {unknown}
 i - a potion of cancellation {unknown}
 j - a potion of mutation {unknown}
 l - a potion of haste {unknown}
 m - a potion of might {unknown}
 n - a potion of heal wounds {unknown}
 p - 2 potions of curing {unknown}
Comestibles
 c - 6 rations
 o - 8 chunks of flesh


   Skills:
 - Level 1.1 Fighting
 - Level 1.7 Dodging
 - Level 3.0 Unarmed Combat
 - Level 2.0 Spellcasting
 + Level 4.6 Transmutations


You had 4 spell levels left.
You knew the following spells:

 Your Spells              Type           Power        Failure   Level  Hunger
a - Beastly Appendage     Tmut           ##....       3%          1    ##.....
b - Sticks to Snakes      Tmut           ##......     5%          2    ###....

Your spell library contained the following spells:

 Spells                   Type           Power        Failure   Level  Hunger
 Spider Form              Tmut/Pois      #.........   26%         3    ####...
 Ice Form                 Ice/Tmut       #.......     65%         4    #####..
 Blade Hands              Tmut           ##........   67%         5    ######.


Dungeon Overview and Level Annotations

Branches:
Dungeon (3/15)

Altars:
Wu Jian
Yredelemnul


Innate Abilities, Weirdness & Mutations

Your plain brown scales are hard. (AC +5)
You cannot fit into any form of body armour.
You are cold-blooded and may be slowed by cold attacks.
You have claws for feet.


Message History

Your adder barely misses something.
Something hits you but does no damage.
You closely miss something. Your kick misses something.
Your adder closely misses something.
Your adder barely misses something.
Something barely misses you.
You barely miss the kobold. Your kick misses the kobold.
Your tail-slap misses the kobold.
Your adder completely misses the kobold.
You hear some strange, mumbled words.
A magic dart appears from out of thin air!
The magic dart hits you.
* * * LOW HITPOINT WARNING * * *
The kobold misses you.
You barely miss the kobold. Your adder misses the kobold. Something hits you.
* * * LOW HITPOINT WARNING * * *
The kobold barely misses you.
Your adder bites the kobold.
The kobold dies!
You hear some strange, mumbled words.
A magic dart appears from out of thin air!
The magic dart hits you!
You die...

.<..........# # .. ..
............# # #.## #.
.###........# # .... #.
##.#........## #
.....#. #..##........#
# ...#. #...######.#.#
...#####...###.#.##
#.#{(##....##.#..#
#.S@##.....##.##.#
#..###.....#.....#
#...###÷.###.....#
......#..###†# #.....##
.....###...†.###......#
...... #####..........#
...... #####......##
.?..!. #........ .....
#.....###


You could see a friendly adder.

Vanquished Creatures
  2 adders
  A dart slug (D:1)
  3 orcs (D:3)
  3 bats (D:2)
  A giant cockroach (D:1)
  13 goblins
  7 hobgoblins
  4 jackals (D:1)
  5 kobolds
  A quokka (D:3)
  3 ball pythons
  A frilled lizard (D:2)
  26 rats
70 creatures vanquished.

Vanquished Creatures (collateral kills)
  A kobold (D:3)
1 creature vanquished.

Grand Total: 71 creatures vanquished

Notes
Turn   | Place    | Note
-------+----------+-------------------------------------------
     0 | D:1      | TheAraber the Draconian Transmuter began the quest for the
                  | Orb.
     0 | D:1      | Reached XP level 1. HP: 16/16 MP: 3/3
   114 | D:1      | Reached XP level 2. HP: 23/23 MP: 3/5
   119 | D:1      | You fall through a shaft!
   302 | D:1      | Reached skill level 3 in Transmutations
   779 | D:1      | Learned a level 2 spell: Sticks to Snakes
   995 | D:2      | Reached XP level 3. HP: 28/28 MP: 4/6
  1003 | D:2      | Found a basalt altar of Yredelemnul.
  1620 | D:2      | Found an ornate altar of the Wu Jian Council.
  1793 | D:2      | Reached skill level 4 in Transmutations
  2060 | D:3      | Reached XP level 4. HP: 27/35 MP: 5/7
  2315 | D:3      | Killed from afar by an orc wizard

Skill      XL: |  1  2  3 |
---------------+----------+-----
Transmutations | 3 4 |  4.6
Fighting       | |  1.1
Dodging        | |  1.7
Unarmed Combat | |  3.0
Spellcasting   | |  2.0

Action                   |  1- 3 |  4- 6 || total
-------------------------+-------+-------++-------
Melee: Unarmed           |   157 |    47 ||   204
       Tailslap          |    18 |     2 ||    20
       Headbutt          |     4 |       ||     4
       Kick              |    11 |     4 ||    15
       Punch             |     2 |       ||     2
       Whip              |       |    10 ||    10
 Cast: Beastly Appendage |    11 |     3 ||    14
       Sticks to Snakes  |     3 |     1 ||     4
  Eat: Chunk             |     4 |     1 ||     5
Armor: Skin              |    65 |    32 ||    97
Dodge: Dodged            |   120 |    56 ||   176
